 Dungeon Crawl Stone Soup version 0.30.1-11-g7821555f0a (webtiles) character file.

Game seed: 861110327124683762

7908 FinalFate the Basher (level 11, -1/120 (145) HPs)
             Began as a Minotaur Berserker on Jan 15, 2024.
             Was a Priest of Trog.
             Slain by Urug
             ... wielding a +2 demon trident of draining
              (3 damage)
             ... on level 10 of the Dungeon.
             The game lasted 00:25:03 (8760 turns).

FinalFate the Basher (Minotaur Berserker)           Turns: 8760, Time: 00:25:04

HP:   -1/120 (145)  AC: 17    Str: 29    XL:     11   Next: 2%
MP:   10/10         EV: 16    Int:  4    God:    Trog [***...]
Gold: 518           SH:  0    Dex: 10    Spells: 10/10 levels left

rFire   . . .        D - +0 morningstar
rCold   . . .        (no shield)
rNeg    + . .        k - +0 chain mail
rPois   .            (helmet restricted)
rElec   .            G - scarf {repulsion}
rCorr   .            m - +2 pair of gloves "Leojiun" {rN+ Str+3}
SInv    .            j - +0 pair of boots
Will    ++...        (no amulet) Stlth
                     d - +5 ring of evasion
HPRegen 1.40/turn    H - ring of flight
MPRegen 0.12/turn

%: repel missiles
@: mighty, berserking, strong-willed, flying, regenerating, heavily drained,
very quick
A: horns 2, retaliatory headbutt
a: Renounce Religion, Berserk, Trog's Hand


You were on level 10 of the Dungeon.
You worshipped Trog.
Trog was most pleased with you.
You visited 1 branch of the dungeon, and saw 10 of its levels.

You collected 518 gold pieces.

Inventory:

Hand Weapons
 l - the +9 sling "Erynnie" {flame, rF+}
   (You found it on level 2 of the Dungeon)

   rF:        It protects you from fire.
 D - a +0 morningstar (weapon)
Armour
 a - a +0 helmet
 j - a +0 pair of boots (worn)
 k - a +0 chain mail (worn)
 m - the +2 pair of gloves "Leojiun" (worn) {rN+ Str+3}
   (You found it on level 2 of the Dungeon)

   Str:       It affects your strength (+3).
   rN:        It protects you from negative energy.
 G - a scarf of repulsion (worn)
Jewellery
 d - a +5 ring of evasion (left hand)
 C - a ring of fire
 E - the amulet of Elemental Vulnerability {rPois rF-- rC-- AC+8}
   (You found it on level 7 of the Dungeon)

   [amulet of nothing]

   AC:        It affects your AC (+8).
   rF:        It makes you very vulnerable to fire.
   rC:        It makes you very vulnerable to cold.
   rPois:     It protects you from poison.
 F - a ring of ice
 H - a ring of flight (right hand)
Wands
 f - a wand of iceblast (5)
 x - a wand of charming (14)
 I - a wand of mindburst (9)
Scrolls
 e - 2 scrolls of immolation
 g - 5 scrolls of magic mapping
 i - 3 scrolls of teleportation
 n - 2 scrolls of amnesia
 q - a scroll of fear {unknown}
 s - a scroll of enchant weapon {unknown}
 v - a scroll of vulnerability
 w - a scroll of fog {unknown}
 y - a scroll of torment {unknown}
 J - a scroll of noise {unknown}
Potions
 b - 4 potions of berserk rage
 c - 3 potions of lignification
 h - a potion of resistance {unknown}
 p - 2 potions of flight {unknown}
 r - a potion of mutation {unknown}
 t - 3 potions of might
 u - 4 potions of magic
 z - 2 potions of curing
 A - 2 potions of attraction {unknown}
 B - 2 potions of brilliance {unknown}


   Skills:
 * Level 9.6 Fighting
 * Level 13.6 Maces & Flails
 * Level 11.0 Armour
 * Level 6.6 Dodging


You had 10 spell levels left.
You didn't know any spells.
Your spell library was empty.

Dungeon Overview and Level Annotations

Branches:
Dungeon (10/15)            Temple (0/1) D:4            Lair (0/5) D:10
    Orc (0/2) D:9

Altars:
Fedhas

Annotations:
D:10 Urug


Innate Abilities, Weirdness & Mutations

You have a pair of horns on your head.
You reflexively headbutt those who attack you in melee.


Message History

The centaur misses you. You furiously retaliate!
You headbutt the centaur!
You kill the centaur!
Trog accepts your kill.
Your Armour skill increases to level 11!
A javelin appears from out of thin air!
The javelin pierces through you!
Found a glowing glaive.
A javelin appears from out of thin air!
The javelin pierces through you. Something hits you!! You partially resist.
You feel drained.
You hit something but do no damage. Your headbutt misses something.
You hit something. You headbutt something! Something hits you!!
You partially resist.
You feel drained.
You feel much better. Something hits you!!
* * * LOW HITPOINT WARNING * * *
You partially resist.
You feel drained.
* * * LOW HITPOINT WARNING * * *
You feel much better. Something hits you but does no damage.
You partially resist.
You feel much better. Something completely misses you.
You feel very mighty all of a sudden. Something hits you! You partially resist.
You feel drained.
Your skin crawls.
You feel strong-willed.
You can no longer call in reinforcements.
Something hits you! You partially resist.
You feel drained.
A red film seems to cover your vision as you go berserk!
You feel yourself moving faster!
You feel mighty! Something hits you! You partially resist.
You feel drained.
* * * LOW HITPOINT WARNING * * *
You closely miss something. You headbutt something! Something hits you!
* * * LOW HITPOINT WARNING * * *
You partially resist.
You feel drained.
* * * LOW HITPOINT WARNING * * *
You barely miss something. You closely miss something.
Something hits you but does no damage. You partially resist.
You closely miss something. You miss something. Something hits you!!
* * * LOW HITPOINT WARNING * * *
You partially resist.
You feel drained.
You die...

.....#######...#.#......
............~~≈...~≈~..$
.....####~~≈≈≈~#.#≈≈≈~~~
#.##.# #≈≈≈≈≈≈≈#.#≈≈≈≈~≈
.....# ##≈≈≈≈≈≈#.#~≈≈≈≈~
#.#### ####~≈≈#.)≈~~#..
#.# #....#.#..## + #.#
#.##.....## #.#
#.....@..# #.#
#.#....{.# #.# #
#.##.#.# #. #. #.#.# .
#.#.# .# #)#.# #. #.#
...


There were no monsters in sight!

Vanquished Creatures
  A boulder beetle (D:10)
  3 two-headed ogres
  A troll (D:9)
  A polar bear (D:10)
  Sigmund (D:3)
  A vampire (D:10)
  3 wyverns
  7 yaks
  A wraith (D:9)
  Menkaure (D:5)
  A water moccasin (D:6)
  Duvessa (D:4)
  2 orc warriors (D:10)
  2 ice beasts
  A sky beast (D:7)
  A black bear (D:7)
  3 ogres
  A wolf (D:10)
  2 centaurs
  2 phantoms (D:5)
  4 bullfrogs
  2 scorpions
  9 wights
  Dowan (D:4)
  3 howler monkeys (D:10)
  2 hounds
  A jelly (D:4)
  3 orc priests
  A gnoll bouda (D:8)
  Jessica (D:2)
  5 iguanas
  2 orc wizards (D:8)
  2 sleepcaps (D:7)
  Ijyb (D:4)
  A centaur simulacrum (D:10)
  Robin (D:2)
  5 gnolls
  5 adders
  A white imp (D:10)
  4 ufetubi
  3 worms
  2 dart slugs
  21 orcs
  9 endoplasms
  4 giant cockroaches
  10 goblins
  12 hobgoblins
  2 jackals (D:2)
  5 quokkas
  5 ball pythons
  3 bats
  3 frilled lizards
  7 kobolds
  2 rats
178 creatures vanquished.

Notes
Turn   | Place    | Note
-------+----------+-------------------------------------------
     0 | D:1      | FinalFate the Minotaur Berserker began the quest for the
                  | Orb.
     0 | D:1      | Reached XP level 1. HP: 19/19 MP: 0/0
    87 | D:1      | Reached XP level 2. HP: 24/27 MP: 1/1
   149 | D:1      | Reached skill level 4 in Maces & Flails
   448 | D:1      | Reached XP level 3. HP: 21/33 MP: 2/2
   773 | D:2      | Reached ** piety under Trog
   814 | D:2      | Noticed Jessica
   821 | D:2      | Killed Jessica
   822 | D:2      | Reached skill level 5 in Maces & Flails
   822 | D:2      | Reached XP level 4. HP: 40/40 MP: 3/3
   992 | D:2      | Identified the +9 sling "Erynnie" {flame, rF+}
  1426 | D:2      | Identified the +2 pair of gloves "Leojiun" {rN+ Str+3}
  1722 | D:2      | Noticed Robin
  1728 | D:2      | Killed Robin
  1970 | D:3      | Found a blossoming altar of Fedhas.
  2019 | D:3      | Noticed Sigmund
  2048 | D:3      | Killed Sigmund
  2049 | D:3      | Reached skill level 5 in Fighting
  2049 | D:3      | Reached skill level 6 in Maces & Flails
  2049 | D:3      | Reached XP level 5. HP: 33/48 MP: 4/4
  2049 | D:3      | Reached XP level 6. HP: 39/56 MP: 5/5
  2837 | D:4      | Found a staircase to the Ecumenical Temple.
  2846 | D:4      | Noticed Duvessa
  2855 | D:4      | Killed Duvessa
  2868 | D:4      | Noticed Dowan
  2880 | D:4      | HP: 1/56 [Dowan/shard of ice (18)]
  2886 | D:4      | Killed Dowan
  2887 | D:4      | Reached skill level 7 in Maces & Flails
  3214 | D:4      | Noticed Ijyb
  3224 | D:4      | Killed Ijyb
  3225 | D:4      | Reached XP level 7. HP: 53/61 MP: 6/6
  3328 | D:4      | Reached *** piety under Trog
  3810 | D:5      | Entered Level 5 of the Dungeon
  3823 | D:5      | Reached skill level 8 in Maces & Flails
  3823 | D:5      | Reached skill level 5 in Armour
  3861 | D:5      | Noticed Menkaure
  3870 | D:5      | Killed Menkaure
  4323 | D:5      | Reached XP level 8. HP: 70/70 MP: 7/7
  5150 | D:6      | Reached skill level 9 in Maces & Flails
  5593 | D:7      | Found the amulet of Elemental Vulnerability {rPois rF--
                  | rC-- AC+8}
  5659 | D:7      | Reached skill level 10 in Maces & Flails
  5700 | D:7      | Reached XP level 9. HP: 72/79 MP: 8/8
  5944 | D:7      | Reached skill level 5 in Dodging
  5957 | D:7      | You fall into a shaft and drop 1 floor!
  6276 | D:8      | Noticed a two-headed ogre
  6282 | D:8      | Killed a two-headed ogre
  6283 | D:8      | Reached skill level 11 in Maces & Flails
  6680 | D:8      | Reached **** piety under Trog
  6750 | D:8      | Reached XP level 10. HP: 88/88 MP: 9/9
  7209 | D:9      | Noticed a two-headed ogre
  7216 | D:9      | Killed a two-headed ogre
  7217 | D:9      | Reached skill level 12 in Maces & Flails
  7222 | D:9      | Reached skill level 10 in Armour
  7356 | D:9      | Found a staircase to the Orcish Mines.
  7530 | D:9      | Noticed a two-headed ogre
  7541 | D:9      | Killed a two-headed ogre
  7542 | D:9      | Reached skill level 13 in Maces & Flails
  7765 | D:9      | Identified the +1 robe of Yngaqyg {Int+7}
  7956 | D:10     | Entered Level 10 of the Dungeon
  8050 | D:10     | Noticed a boulder beetle
  8060 | D:10     | Killed a boulder beetle
  8169 | D:10     | Identified the +0 robe of Distant Shores {Harm rF- Int-5
                  | Dex+8}
  8540 | D:10     | Found a staircase to the Lair.
  8685 | D:10     | Reached XP level 11. HP: 94/97 MP: 10/10
  8741 | D:10     | Noticed Urug
  8760 | D:10     | HP: 2/123 [something (20)]
  8760 | D:10     | Slain by Urug

Illustrated notes

Levels and vault maps discovered:
D:1:      dpeg_arrival_shelter, layout_loops_ring, columned_hall_lemuel,
          grunt_decor_junction
D:2:      layout_loops_corners, uniq_jessica, uniq_robin
D:3:      layout_loops_corners, mainiacjoe_overflow_24_doors, uniq_sigmund
D:4:      layout_basic, minmay_temple_entry_crystal_x, uniq_ijyb, uniq_duvessa
D:5:      layout_loops_ring, uniq_menkaure
D:6:      layout_loops_corners
D:7:      layout_rooms
D:8:      layout_loops_ring, grunt_ministairs_5, kennysheep_pointless_box
D:9:      layout_cave_pools, orc_0_dummy
D:10:     layout_loops_corners, lair_entry_dummy, serial_ice, serial_ice_f,
          serial_ice_a, serial_ice_g, serial_ice_l, serial_ice_c, serial_ice_e,
          serial_ice_o, kennysheep_just_a_vault, uniq_lodul, uniq_urug

Skill      XL: |  1  2  3  4  5  6  7  8  9 10 11 |
---------------+----------------------------------+-----
Fighting       | 4 5 6 7 8 9 |  9.6
Maces & Flails | 4 5 6 7 8 10 11 13 | 13.6
Armour         | 3 4 5 7 9 10 11 | 11.0
Dodging        | 3 4 5 6 |  6.6

Action                     |  1- 3 |  4- 6 |  7- 9 | 10-12 || total
---------------------------+-------+-------+-------+-------++-------
  Melee: Mace              |    48 |   111 |    99 |       ||   258
         Headbutt          |     9 |    17 |    36 |    23 ||    85
         Morningstar       |       |       |    98 |   107 ||   205
         Punch             |       |       |       |     2 ||     2
 Invoke: Berserk           |     1 |     1 |     5 |     4 ||    11
         Trog's Hand       |       |     1 |       |     1 ||     2
    Use: Potion            |       |     5 |       |     4 ||     9
         Scroll            |       |       |       |    10 ||    10
 Armour: Leather armour    |     9 |     3 |       |       ||    12
         Chain mail        |       |    48 |    89 |    35 ||   172
  Dodge: Dodged            |    29 |    66 |   180 |    88 ||   363
         Repelled          |       |       |       |     1 ||     1
